 Dungeon Crawl Stone Soup version 0.21.1-1-g345015fe64 (webtiles) character file.

109 Naru the Cudgeler (level 4, 0/45 HPs)
             Began as a Troll Fighter on June 15, 2018.
             Slain by raetorn's ghost (5 damage)
             ... on level 3 of the Dungeon.
             The game lasted 00:02:50 (1561 turns).

Naru the Cudgeler (Troll Fighter)                   Turns: 1561, Time: 00:02:50

Health: 0/45       AC:  5    Str: 24    XL:     4   Next: 59%
Magic:  3/3        EV:  8    Int:  4    God:
Gold:   123        SH:  9    Dex: 10    Spells: 3/3 levels left

rFire    . . .     SeeInvis .   a - +0 flail
rCold    . . .     Gourm    +   c - +0 shield
rNeg     . . .     Faith    .   b - +0 robe
rPois    .         Spirit   .   (helmet restricted)
rElec    .         Reflect  .   (no cloak)
rCorr    .         Harm     .   (gloves unavailable)
MR       .....                  (boots unavailable)
Stlth    +.........             (no amulet)
HPRegen  0.55/turn              (no ring)
MPRegen  0.08/turn              (no ring)

@: no status effects
A: large, unfitting armour, claws 3, fast metabolism 3, gourmand, regeneration
1, shaggy fur 1, tough skin 2
a: no special abilities


You were on level 3 of the Dungeon.
You were full.

You visited 1 branch of the dungeon, and saw 3 of its levels.

You collected 123 gold pieces.

Inventory:

Hand Weapons
 a - a +0 flail (weapon)
Missiles
 s - a throwing net (quivered)
Armour
 b - a +0 robe (worn)
 c - a +0 shield (worn)
Jewellery
 i - a cursed -2 ring of strength {unknown}
Scrolls
 e - 2 scrolls of remove curse {unknown}
 j - a scroll of immolation {unknown}
 l - a scroll of blinking {unknown}
 m - a scroll of identify {unknown}
 n - a scroll of random uselessness {unknown}
 p - a scroll of fog {unknown}
Potions
 d - 2 potions of might
 g - a potion of brilliance {unknown}
 h - 2 potions of curing {unknown}
 k - a potion of resistance {unknown}
 o - a potion of lignification {unknown}
 q - a potion of flight {unknown}
 r - a potion of invisibility {unknown}
 t - a potion of heal wounds {unknown}
Comestibles
 f - a ration


   Skills:
 * Level 3.0 Fighting
 * Level 3.2 Maces & Flails
 + Level 2.6 Dodging
 * Level 3.1 Shields


You had 3 spell levels left.
You didn't know any spells.

Dungeon Overview and Level Annotations

Branches:
Dungeon (3/15)

Altars:
Okawaru
Sif Muna

Annotations:
D:3 raetorn's ghost, amateur GnSk


Innate Abilities, Weirdness & Mutations

You are too large for most types of armour.
You have claws for hands.
Your metabolism is lightning-fast.
You like to eat raw meat.
Your natural rate of healing is unusually fast.
You are covered in fur. (AC +1)
You have very tough skin. (AC +2)


Message History

You barely miss the orc. Raetorn's ghost hits you!
You block the orc's attack. x2
Raetorn's ghost hits you! You block the orc's attack.
You barely miss the orc. The orc barely misses you.
Raetorn's ghost completely misses you. The orc hits you but does no damage.
You hit the orc.
The orc is almost dead.
The orc hits you but does no damage. You block raetorn's ghost's attack.
You block the orc's attack. The orc hits you but does no damage.
Raetorn's ghost hits you. The orc hits you with a short sword.
You hit the orc.
You kill the orc!
The orc hits you with a dagger.
* * * LOW HITPOINT WARNING * * *
Raetorn's ghost hits you.
* * * LOW HITPOINT WARNING * * *
You barely miss the goblin. You block the goblin's attack.
The orc hits you with a dagger.
* * * LOW HITPOINT WARNING * * *
Raetorn's ghost hits you.
You die...

.......#
......#
#....#
#....#
#....#
#..<.#
####.###
#.Wo###
###@gl#
###..#
#....
....#
.... ...
...


You could see raetorn's ghost, an orc, a goblin and a frilled lizard.

Vanquished Creatures
  2 orc wizards (D:3)
  An adder (D:2)
  2 oozes (D:1)
  2 worms (D:2)
  A dart slug (D:2)
  A leopard gecko (D:2)
  An orc (D:3)
  2 ball pythons
  2 giant cockroaches (D:2)
  5 goblins
  3 hobgoblins
  2 jackals (D:2)
  3 kobolds
  A quokka (D:2)
  A bat (D:1)
  4 frilled lizards
  A rat (D:1)
34 creatures vanquished.

Notes
Turn   | Place    | Note
-------+----------+-------------------------------------------
     0 | D:1      | Naru the Troll Fighter began the quest for the Orb.
     0 | D:1      | Reached XP level 1. HP: 22/22 MP: 0/0
   422 | D:1      | Reached XP level 2. HP: 25/29 MP: 1/1
  1048 | D:2      | Reached XP level 3. HP: 36/36 MP: 2/2
  1323 | D:2      | Found an iron altar of Okawaru.
  1324 | D:2      | Found a deep blue altar of Sif Muna.
  1550 | D:3      | Noticed raetorn's ghost (amateur GnSk)
  1551 | D:3      | Reached XP level 4. HP: 41/45 MP: 3/3
  1561 | D:3      | Slain by raetorn's ghost

Skill      XL: |  1  2  3  4 |
---------------+-------------+-----
Maces & Flails | 2 3 |  3.2
Fighting       | 3 |  3.0
Shields        | 3 |  3.1
Dodging        | |  2.6

Action                   |  1- 3 |  4- 6 || total
-------------------------+-------+-------++-------
Melee: Flail             |   123 |    10 ||   133
  Eat: Chunk             |    13 |       ||    13
       Ration            |     1 |       ||     1
Armor: Robe              |    59 |     8 ||    67
Dodge: Dodged            |    52 |     3 ||    55
Block: Shield            |    65 |    10 ||    75
